Map: Chantier naval orbital

Players

Wolf

  • Race: Protoss Protoss
  • League: Gold

blocoxine

  • Race: Protoss Protoss
  • League: Gold

FredisDrunk

  • Race: Zerg Zerg
  • League: Platinum

Sydalw

  • Race: Zerg Zerg
  • League: Platinum

VOD

Have the link to the VOD?

Description

Time

  • Played on: April 8, 2016, 5:27 p.m.
  • Length: 13:27
Show
View Real Time Build Order
Export as new Build Order

Wolf Protoss 

Build Orders: Forge Fast Expand (FFE), Zealot Archon 

Get SALT Encoding   

  12  0:01  Probe (Chrono Boost)  
  13  0:11  Probe (Chrono Boost)  
  14  0:19  Pylon  
  14  0:27  Probe (Chrono Boost)  
  15  0:38  Probe (Chrono Boost)  
  15  0:40  Forge  
  16  0:48  Probe (Chrono Boost)  
  17  0:59  Probe (Chrono Boost)  
  18  1:09  Probe (Chrono Boost)  
  19  1:33  Nexus  
  19  1:37  Probe (Chrono Boost)  
  20  1:43  Photon Cannon  
  20  1:47  Gateway  
  20  1:52  Probe (Chrono Boost)  
  21  2:01  Assimilator  
  21  2:03  Probe (Chrono Boost)  
  21  2:07  Assimilator  
  22  2:13  Probe (Chrono Boost)  
  23  2:24  Pylon  
  23  2:37  Cybernetics Core  
  23  2:42  Probe (Chrono Boost)  
  24  2:44  Pylon  
  24  2:51  Protoss Ground Weapons Level 1, Zealot  
  24  2:53  Probe (Chrono Boost)  
  27  3:03  Assimilator, Probe (Chrono Boost)  
  28  3:15  Stalker  
  28  3:16  Mothership Core (Chrono Boost)  
  32  3:21  Warp Gate  
  32  3:30  Probe (Chrono Boost)  
  33  3:35  Assimilator  
  33  3:36  Probe (Chrono Boost)  
  34  3:43  Probe (Chrono Boost)  
  36  3:48  Probe (Chrono Boost)  
  36  3:53  Probe (Chrono Boost)  
  36  3:55  Stargate  
  38  4:04  Probe x2 (Chrono Boost)  
  39  4:14  Twilight Council  
  41  4:17  Probe x2 (Chrono Boost)  
  41  4:21  Adept  
  43  4:31  Probe x2 (Chrono Boost)  
  45  4:39  Nexus  
  45  4:42  Oracle  
  45  4:43  Probe x2 (Chrono Boost)  
  47  4:50  Charge  
  50  4:55  Probe x2 (Chrono Boost)  
  54  5:07  Probe x2 (Chrono Boost)  
  54  5:16  Gateway  
  54  5:19  Pylon  
  54  5:31  Pylon  
  54  5:33  Pylon  
  54  5:39  Probe x2 (Chrono Boost)  
  56  5:45  Adept  
  56  5:46  Gateway  
  56  5:48  Gateway  
  60  5:51  Probe x2 (Chrono Boost)  
  60  5:53  Probe (Chrono Boost)  
  61  6:02  Assimilator  
  61  6:03  Probe x3 (Chrono Boost)  
  61  6:04  Templar Archives  
  64  6:08  Adept  
  63  6:11  Protoss Ground Weapons Level 2  
  63  6:15  Adept  
  67  6:18  Probe (Chrono Boost)  
  67  6:19  Probe (Chrono Boost)  
  67  6:20  Oracle  
  67  6:24  Probe (Chrono Boost)  
  71  6:30  Zealot  
  75  6:33  Probe (Chrono Boost)  
  75  6:34  Probe (Chrono Boost)  
  75  6:35  Pylon  
  75  6:38  Pylon  
  75  6:44  Assimilator  
  75  6:45  Zealot  
  77  6:51  Zealot  
  77  6:54  Probe x2 (Chrono Boost)  
  81  6:59  High Templar x2  
  81  7:00  Forge  
  85  7:07  Archon  
  85  7:13  Robotics Facility  
  83  7:16  Gateway  
  83  7:17  Zealot  
  83  7:18  Gateway, Zealot  
  83  7:21  Pylon  
  87  7:31  Resonating Glaives  
  87  7:33  Pylon  
  87  7:35  Zealot  
  87  7:36  Pylon, Zealot  
  91  7:38  Zealot x2  
  91  7:44  Probe x3 (Chrono Boost)  
  98  7:49  Protoss Ground Armor Level 1  
  98  7:55  Void Ray  
  98  7:56  Probe x2 (Chrono Boost)  
  98  7:57  Zealot x2  
  108  7:58  Zealot  
  108  7:59  Zealot  
  115  8:12  Probe (Chrono Boost)  
  115  8:13  Probe x2 (Chrono Boost)  
  115  8:16  Pylon  
  115  8:20  High Templar, Pylon  
  115  8:21  High Templar x5  
  115  8:22  Pylon  
  115  8:24  Probe (Chrono Boost)  
  115  8:25  Archon x3, Probe (Chrono Boost), Protoss Ground Weapons Level 3  
  115  8:26  Psionic Storm  
  129  8:31  Immortal  
  119  8:59  Zealot x5  
  119  9:00  Zealot  
  131  9:11  Observer  
  132  9:21  Gateway  
  132  9:24  Gateway, Zealot x6  
  136  9:26  Gateway  
  144  9:34  Observer  
  145  9:40  Nexus  
  145  9:42  Pylon  
  145  9:44  Pylon  
  145  9:45  Zealot x3  
  147  9:46  Zealot x2  
  147  9:47  Assimilator, Zealot  
  157  9:53  Assimilator  
  157  9:55  Immortal  
  161  10:11  High Templar x4  
  161  10:12  High Templar x2  
  165  10:15  Archon x2  
  165  10:16  Archon  
  156  10:28  Protoss Ground Armor Level 2  
  156  10:43  Zealot x3  
  156  10:44  Zealot x5  
  172  10:53  Protoss Shields Level 1  
  172  10:55  Immortal  
  172  10:56  Pylon  
  172  11:00  Blink  
  172  11:02  Pylon  
  176  11:06  Pylon  
  176  11:08  Zealot x2  
  176  11:09  Zealot x4  
  188  11:18  Probe x2 (Chrono Boost)  
  190  11:23  Photon Cannon  
  190  11:25  Photon Cannon  
  190  11:27  Photon Cannon, Gateway  
  190  11:29  Gateway  
  190  11:31  Gateway  
  190  11:33  Immortal  
  194  11:52  High Templar  
  194  11:53  High Templar x2  
  166  12:07  Zealot x4  
  166  12:08  Zealot x2  
  158  12:26  Probe (Chrono Boost)  
  158  12:27  Probe x3 (Chrono Boost)  
  162  12:33  Zealot x4  
  162  12:34  Zealot x5  
  162  12:35  Zealot x3  
  186  12:44  Nexus  
  186  12:45  Immortal  
  190  12:53  Assimilator  
  178  12:58  Assimilator  
  178  12:59  Robotics Facility  
  178  13:04  Robotics Facility  
  173  13:17  High Templar x4  
  173  13:18  High Templar x2  
  173  13:19  High Templar  
  187  13:21  High Templar  
  187  13:23  Archon x3  
  189  13:25  Archon  
Show
View Real Time Build Order
Export as new Build Order

blocoxine Protoss 

Build Orders:  

Get SALT Encoding   

  12  0:01  Drone  
  13  0:08  Drone  
  14  0:17  Overlord  
  14  0:24  Extractor  
  14  0:25  Drone  
  15  0:40  Drone x2  
  17  0:45  Drone  
  18  0:59  Hatchery  
  18  1:01  Drone  
  19  1:11  Spawning Pool  
  19  1:17  Extractor  
  17  1:28  Hatchery, Drone  
  17  1:36  Overlord  
  17  1:38  Drone  
  18  1:50  Drone  
  18  1:51  Drone  
  20  2:10  Zergling x2  
  20  2:11  Hatchery  
  20  2:14  Drone  
  21  2:28  Metabolic Boost  
  20  2:33  Drone x2  
  20  2:34  Extractor  
  21  2:46  Drone x2  
  25  2:52  Drone  
  26  3:09  Queen, Lair  
  26  3:12  Drone x2  
  28  3:14  Drone  
  28  3:15  Drone  
  30  3:31  Drone  
  31  3:38  Drone x6  
  37  3:43  Queen  
  39  3:55  Zergling x6  
  42  4:07  Evolution Chamber  
  42  4:09  Overlord x2, Evolution Chamber  
  40  4:26  Queen  
  40  4:31  Hydralisk Den, Drone x3  
  44  4:34  Roach Warren  
  44  4:35  Zerg Ground Armor Level 1  
  44  4:38  Zerg Missile Weapons Level 1  
  43  4:41  Drone x2  
  43  4:43  Drone  
  46  4:55  Drone  
  46  4:58  Overseer  
  47  5:00  Pneumatized Carapace  
  47  5:01  Drone x2  
  47  5:06  Overlord  
  47  5:07  Overlord  
  49  5:15  Drone  
  49  5:21  Muscular Augments  
  50  5:24  Glial Reconstitution  
  50  5:26  Drone  
  50  5:27  Drone x3  
  54  5:30  Drone  
  54  5:31  Roach  
  54  5:34  Roach  
  54  5:35  Drone x3  
  62  5:39  Extractor  
  61  5:47  Spore Crawler  
  60  5:51  Spore Crawler  
  60  5:52  Spore Crawler  
  60  5:54  Hydralisk x2  
  61  6:01  Drone x4  
  61  6:02  Drone x3  
  61  6:03  Drone  
  65  6:15  Drone  
  66  6:19  Overlord x3  
  65  6:34  Zerg Missile Weapons Level 2  
  65  6:38  Roach x4  
  65  6:39  Roach x3  
  79  6:42  Roach  
  81  6:47  Roach  
  81  6:48  Queen  
  81  6:51  Extractor  
  81  6:52  Roach x2  
  81  6:53  Overlord x3  
  88  7:05  Overlord  
  88  7:06  Overlord  
  88  7:08  Drone x2  
  89  7:22  Infestation Pit, Drone  
  89  7:23  Drone  
  89  7:26  Extractor  
  89  7:29  Drone x3  
  92  7:31  Hydralisk, Roach x3  
  100  7:43  Hydralisk x2  
  104  7:46  Hydralisk  
  104  7:47  Hydralisk  
  104  7:50  Roach x2  
  112  7:56  Drone  
  113  7:59  Drone  
  113  8:05  Lurker Den  
  114  8:15  Hydralisk x3  
  120  8:22  Hydralisk x2  
  120  8:25  Overlord x3  
  124  8:30  Roach x3  
  130  8:34  Hatchery  
  130  8:35  Overlord  
  130  8:36  Overlord x2  
  129  8:44  Hydralisk x4  
  129  8:45  Roach  
  129  8:46  Roach  
  133  9:08  Hive  
  133  9:09  Ravager  
  135  9:10  Ravager  
  135  9:11  Extractor, Drone x4  
  135  9:15  Hatchery  
  135  9:16  Drone x2  
  135  9:17  Drone  
  140  9:26  Zerg Ground Armor Level 2  
  140  9:35  Roach x4  
  140  9:36  Roach  
  140  9:37  Overlord  
  150  9:49  Queen  
  150  9:50  Drone  
  153  9:55  Overlord x2  
  153  9:56  Roach x3  
  153  9:57  Roach x2  
  153  9:58  Roach  
  153  9:59  Ravager  
  167  10:00  Ravager  
  167  10:12  Drone  
  167  10:13  Drone x3  
  157  10:15  Roach, Extractor  
  157  10:16  Roach x4, Extractor  
  157  10:21  Roach x2  
  147  10:33  Drone  
  148  10:35  Ultralisk Cavern  
  148  10:40  Drone  
  148  10:41  Drone x2  
  150  10:44  Roach x4  
  150  10:45  Roach x3  
  164  10:50  Zerg Melee Weapons Level 1  
  164  10:55  Roach x4  
  172  11:14  Roach x2  
  172  11:15  Roach x5  
  172  11:16  Roach x3  
  172  11:17  Roach  
  194  11:18  Ravager  
  194  11:19  Ravager x2  
  194  11:23  Chitinous Plating  
  189  11:29  Drone  
  189  11:30  Drone  
  191  11:34  Ultralisk  
  191  11:58  Ultralisk  
  191  12:01  Ultralisk  
  170  12:04  Ultralisk  
  170  12:05  Ultralisk  
  147  12:15  Ultralisk, Zergling x2  
  145  12:16  Zergling x8  
  150  12:24  Ultralisk  
  156  12:34  Ultralisk  
  162  12:45  Zergling x2  
  162  12:46  Zergling x12  
  162  12:47  Zergling x2  
  162  12:48  Zergling x4  
  167  12:55  Zergling x2  
  167  12:56  Hydralisk x2  
  167  12:57  Hydralisk  
  123  12:59  Hydralisk  
  123  13:01  Zergling x2  
Show
View Real Time Build Order
Export as new Build Order

FredisDrunk Zerg 

Build Orders:  

Get SALT Encoding   

Show
View Real Time Build Order
Export as new Build Order

Sydalw Zerg 

Build Orders:  

Get SALT Encoding   

Tags
 
Add a new tag
Caveats
  • Supply blocks, unpowered buildings, or Contaminate may cause inaccurate times.
  • Supply counts are checked every 10 seconds.